 Dungeon Crawl Stone Soup version 0.30.1-4-g462c640d31 (webtiles) character file.

Game seed: 7203490415551342901

154 never3 the Conjurer (level 5, -18/36 HPs)
             Began as a Human Conjurer on Aug 24, 2023.
             Was an Initiate of Elyvilon.
             Killed by an exploding jackal (27 damage)
             ... ignited by their inner flame
             ... on level 4 of the Dungeon.
             The game lasted 01:10:21 (6025 turns).

never3 the Conjurer (Human Conjurer)                Turns: 6025, Time: 01:10:22

Health: -18/36     AC:  6    Str: 15    XL:     5   Next: 63%
Magic:  8/9        EV: 11    Int: 18    God:    Elyvilon [......]
Gold:   79         SH:  0    Dex: 12    Spells: 5/9 levels left

rFire   . . .        A - +0 trident
rCold   . . .        (no shield)
rNeg    . . .        o - +0 ring mail
rPois   .            (no helmet)
rElec   .            k - +0 cloak
rCorr   .            (no gloves)
SInv    .            (no boots)
Will    .....        (no amulet)
Stlth   +            f - +6 ring of strength
HPRegen 0.26/turn    (no ring)
MPRegen 0.11/turn

%: no passive effects
@: no status effects
A: no striking features
a: Renounce Religion


You were on level 4 of the Dungeon.
You worshipped Elyvilon.
Elyvilon was noncommittal.
You visited 1 branch of the dungeon, and saw 4 of its levels.

You collected 139 gold pieces.
You spent 60 gold pieces at shops.

Inventory:

Hand Weapons
 n - a +0 hand axe
 s - a +0 war axe
 w - a +1 mace of draining
 y - a +0 morningstar
 A - a +0 trident (weapon)
 D - a +0 dagger of venom
Missiles
 c - 37 stones
Armour
 a - a +0 robe
 k - a +0 cloak (worn)
 o - a +0 ring mail (worn)
Jewellery
 f - a +6 ring of strength (left hand)
Scrolls
 g - a scroll of immolation
 m - a scroll of silence
 r - a scroll of teleportation {unknown}
 x - a scroll of enchant armour {unknown}
 E - a scroll of identify
Potions
 b - a potion of magic
 d - a potion of berserk rage
 e - a potion of flight
 i - a potion of brilliance
 p - a potion of attraction {unknown}
 q - 2 potions of lignification {unknown}
 C - a potion of mutation {unknown}


   Skills:
 * Level 0.5 Fighting
 - Level 1.1(1.2) Axes
 * Level 0.5(1.0) Polearms
 - Level 1.5 Armour
 + Level 2.3 Dodging
 + Level 2.4 Stealth
 + Level 2.9 Spellcasting
 + Level 4.8 Conjurations
 - Level 0.1 Fire Magic


You had 5 spell levels left.
You knew the following spells:

 Your Spells              Type           Power      Damage    Failure   Level
a - Magic Dart            Conj           80%        1d7       4%          1
b - Searing Ray           Conj           40%        2d5       6%          2
c - Foxfire               Conj/Fire      44%        2x1d6     11%         1

Your spell library contained the following spells:

 Spells                   Type           Power      Damage    Failure   Level
 Apportation              Tloc           4%         N/A       32%         1
 Necrotise                Necr           8%         1d4       32%         1
 Summon Small Mammal      Summ           8%         N/A       32%         1
 Dazzling Flash           Conj/Hex       22%        N/A       34%         3
 Fulminant Prism          Conj/Hex       5%         3d7       75%         4
 Iskenderun's Mystic Bla  Conj/Tloc      11%        2d4       75%         4
 Fireball                 Conj/Fire      5%         3d5       97%         5
 Plasma Beam              Fire/Air       1%         2x1d12    100%        6
 Simulacrum               Ice/Necr       1%         N/A       100%        6
 Starburst                Conj/Fire      5%         6d4       100%        6
 Ozocubu's Refrigeration  Ice            1%         4d7       100%        7
 Polar Vortex             Ice            1%         N/A       100%        9


Dungeon Overview and Level Annotations

Branches:
Dungeon (4/15)
 Temple: D:4-7

Altars:
Elyvilon

Shops:
D:2 ?   D:3 :


Message History

The jackal attacks as you move away!
The jackal bites you but does no damage.
The giant cockroach attacks as you move away!
The giant cockroach barely misses you.
The giant cockroach bites you but does no damage.
The giant cockroach attacks as you move away!
The giant cockroach misses you.
The jackal bites you but does no damage.
The jackal attacks as you move away! The jackal barely misses you.
The jackal attacks as you move away!
The jackal bites you but does no damage.
The jackal barely misses you.
An orc comes into view. It is wielding a +0 hand axe.
The jackal attacks as you move away! The jackal barely misses you.
The orc attacks as you move away! The orc hits you but does no damage.
The jackal attacks as you move away!
The jackal bites you but does no damage. x2
The orc attacks as you move away! The orc barely misses you.
As you read the scroll of immolation, it crumbles to dust.
The creatures around you are filled with an inner flame!
The jackal bites you but does no damage.
The jackal barely misses you. The orc hits you but does no damage.
The jackal closely misses you. The jackal misses you.
You hit the jackal.
Flame seeps out of the jackal.
The jackal is lightly wounded.
The jackal barely misses you.
The jackal is engulfed in blazing flames.
The jackal explodes!
The fiery explosion engulfs the jackal!!
The fiery explosion engulfs the orc!!!
The fiery explosion engulfs the jackal!!
The fiery explosion engulfs the giant cockroach!!!
The fiery explosion engulfs you!!
Ouch! That really hurt!
* * * LOW HITPOINT WARNING * * *
The fiery explosion engulfs the jackal!!!
The jackal explodes!
The fiery explosion engulfs you!!
Ouch! That really hurt!
You die...

#.................
#.........).......
#........o.........
#..................
#..........J.......
#..................
#.....†.§§§...<....
#.......§○§§.......
#########@§§......#
##.#.#.#§.......#
#<..............#
##.#.#.#........#
#...............#
##.#.#.##.#######
#.......#.#
##.#.#.##.#
#.###.##.#


You could see an orc (inner flame) and an endoplasm (inner flame).

Vanquished Creatures
  A hound (D:4)
  A sleepcap (D:4)
  2 adders
  A worm (D:2)
  5 dart slugs
  10 orcs
  6 ball pythons
  An endoplasm (D:3)
  2 giant cockroaches
  5 goblins
  3 hobgoblins
  4 jackals (D:4)
  4 kobolds
  2 quokkas
  8 bats
  5 frilled lizards
  9 rats
69 creatures vanquished.

Vanquished Creatures (collateral kills)
  2 foxfires (D:3)
2 creatures vanquished.

Vanquished Creatures (others)
  3 foxfires (D:3)
3 creatures vanquished.

Grand Total: 74 creatures vanquished

Notes
Turn   | Place    | Note
-------+----------+-------------------------------------------
     0 | D:1      | never3 the Human Conjurer began the quest for the Orb.
     0 | D:1      | Reached XP level 1. HP: 13/13 MP: 3/3
   152 | D:1      | Reached XP level 2. HP: 19/19 MP: 3/5
   663 | D:1      | Reached XP level 3. HP: 24/24 MP: 0/6
  1550 | D:2      | Found Cenwaoso's Magic Scroll Emporium.
  1865 | D:2      | Learned a level 2 spell: Searing Ray
  1919 | D:2      | Reached XP level 4. HP: 30/30 MP: 6/8
  2545 | D:2      | Bought 2 scrolls of identify for 40 gold pieces
  3112 | D:3      | Learned a level 1 spell: Foxfire
  3186 | D:3      | Found a white marble altar of Elyvilon.
  3398 | D:3      | Became a worshipper of Elyvilon the Healer
  4032 | D:3      | Found Nimorph's Book Boutique.
  4834 | D:3      | Reached skill level 1 in Armour
  5591 | D:2      | Bought a scroll of identify for 20 gold pieces
  5871 | D:4      | Reached skill level 1 in Axes
  5871 | D:4      | Reached XP level 5. HP: 12/35 MP: 1/9
  6025 | D:4      | Killed by an exploding jackal... ignited by their inner
                  | flame

Illustrated notes

Levels and vault maps discovered:
D:1:      roderic_dead_forest, layout_loops_ring, minmay_misc_feat_columns
D:2:      layout_loops_cross, serial_shops, nicolae_shop_tiny_real_fake_doors
D:3:      layout_loops_ring, nicolae_elyvilon_peaceful_grove, serial_shops,
          nicolae_book_shop_shelving, skrybe_limestone_x
D:4:      layout_basic, lemuel_doored_altar, marbit_many_paths,
          mainiacjoe_overflow_brackets, minmay_temple_entry_drinking_statues,
          st_stairs_8, minivault_23

Skill      XL: |  1  2  3  4 |
---------------+-------------+-----
Armour         | 1 |  1.5
Axes           | 1 |  1.1
Fighting       | |  0.5
Polearms       | |  0.5
Dodging        | |  2.3
Stealth        | |  2.4
Spellcasting   | |  2.9
Conjurations   | |  4.8
Fire Magic     | |  0.1

Action                     |  1- 3 |  4- 6 || total
---------------------------+-------+-------++-------
  Melee: Unarmed           |    21 |       ||    21
         Dagger            |     2 |       ||     2
         Hand axe          |     5 |   232 ||   237
         Club              |     4 |       ||     4
         Punch             |       |     6 ||     6
         Trident           |       |    10 ||    10
   Cast: Magic Dart        |    54 |       ||    54
         Searing Ray       |       |    16 ||    16
         Foxfire           |       |     3 ||     3
    Use: Scroll            |     3 |     3 ||     6
 Armour: Robe              |     9 |       ||     9
         Ring mail         |     2 |    63 ||    65
  Dodge: Dodged            |    32 |    66 ||    98
